AoeStats
← DS_Rodrixs

Arabian Desert

516472933Analyzed
1v1 RM · 11d ago on Oct 26, 2026· 23m 36s· 2 players
Game mode
Random Map
Map size
Tiny (2 player)
Population
200
Speed
Normal
Resources
Standard
Victory
Conquest
Starting age
Dark Age
Ending age
Imperial Age
RankedLock teamsTeams togetherTeam positionsShared explorationLock speedFull tech treeHidden civsTurbo modeCheats
Victory
Defeat
🇬🇧 Byzantines · United Kingdom
2859
+6
vs
🇦🇷 Burgundians · Argentina
2604
-6
DS_Rodrixs
3:37 Double-Bit Axe
5:59 Loom
6:18 Loom
9:08 Feudal Age
9:59 Horse Collar
15:31 Wheelbarrow
18:19 Castle Age
17:02 Bow Saw
16:55 Gold Mining
18:31 Scale Mail Armor
18:22 Arson
20:47 Squires
21:55 Forging
Oni.Lewis
6:35 Loom
8:57 Feudal Age
10:22 Double-Bit Axe
13:21 Horse Collar
19:03 Castle Age
17:39 Gold Mining
18:47 Scale Mail Armor
20:01 Bow Saw
19:22 Light Cavalry
21:04 Wheelbarrow
23:57 Hand Cart
Connection lost

Rejoining the realm…

Still unreachable

The connection could not be restored.

Session expired

The server has moved on; the page needs a fresh start.